 Dungeon Crawl Stone Soup version 0.24.0-13-gcf9b3192b9 (webtiles) character file.

Game seed: 16768435585079628363, levelgen mode: deterministic

10198 Metae the Arsonist (level 11, -9/80 HPs)
             Began as a Black Draconian Fire Elementalist on Nov 10, 2019.
             Was a Priest of Sif Muna.
             Killed by the air
             ... invoked by Gastronok
              (26 damage)
             ... on level 2 of the Lair of Beasts.
             The game lasted 02:05:48 (17988 turns).

Metae the Arsonist (DrFE)                          Turns: 17988, Time: 02:05:49

Health: -9/80      AC: 11    Str: 11    XL:     11   Next: 33%
Magic:  23/23      EV: 15    Int: 19    God:    Sif Muna [***...]
Gold:   629        SH:  0    Dex:  7    Spells: 1/26 levels left

rFire    . . .     SeeInvis +   a - +12 dagger "Jiyzeir" {flame, MR++ Dex-4}
rCold    . . .     Gourm    .   (no shield)
rNeg     . . .     Faith    .   (armour unavailable)
rPois    .         Spirit   .   (helmet restricted)
rElec    +         Reflect  .   u - scarf {cloud immunity}
rCorr    .         Harm     .   g - +1 pair of gloves
MR       ++...                  F - +1 pair of boots {Fly}
Stlth    +.........             (no amulet)
HPRegen  0.23/turn              f - +3 ring of evasion
MPRegen  0.18/turn              i - ring of see invisible

@: flying
A: breathe lightning, unfitting armour, electricity resistance, cold-blooded, AC
+7
a: Breathe Lightning, Channel Magic, Forget Spell, Renounce Religion, Stop
Flying


You were on level 2 of the Lair of Beasts.
You worshipped Sif Muna.
Sif Muna was most pleased with you.
You were not hungry.

You visited 2 branches of the dungeon, and saw 12 of its levels.

You collected 629 gold pieces.

Inventory:

Hand Weapons
 a - the +12 dagger "Jiyzeir" (weapon) {flame, MR++ Dex-4}
   (You found it on level 9 of the Dungeon)

   It has been specially enchanted to burn those struck by it, causing extra
   injury to most foes and up to half again as much damage against particularly
   susceptible opponents.
   It affects your dexterity (-4).
   It affects your resistance to hostile enchantments.
 b - a +1 hunting sling
 t - a +0 quarterstaff of speed
 K - a +2 whip of electrocution
Missiles
 o - 117 sling bullets
 q - 317 stones (quivered)
Armour
 g - a +1 pair of gloves (worn)
 u - a scarf of cloud immunity (worn)
 A - a +0 cloak
 F - a +1 pair of boots of flying (worn)
Jewellery
 f - a +3 ring of evasion (left hand)
 i - a ring of see invisible (right hand)
 s - an uncursed ring of poison resistance
 B - a +2 ring of evasion
Wands
 c - a wand of acid (9)
 C - a wand of disintegration (16)
 I - a wand of random effects (40)
 J - a wand of iceblast (12)
Scrolls
 j - a scroll of amnesia
 k - 2 scrolls of enchant weapon
 n - a scroll of remove curse
 p - 3 scrolls of enchant armour
 y - 2 scrolls of immolation
 z - 3 scrolls of teleportation
 D - 2 scrolls of identify
 G - a scroll of magic mapping
Potions
 d - 2 potions of brilliance
 e - 2 potions of might
 h - a potion of experience {unknown}
 m - 2 potions of lignification {unknown}
 v - 2 potions of heal wounds
 w - a potion of degeneration {unknown}
 x - a potion of ambrosia {unknown}
 E - a potion of curing
Miscellaneous
 r - a crystal ball of energy
 H - a lightning rod (4/4)
Comestibles
 l - 5 rations


   Skills:
 + Level 2.3 Fighting
 - Level 1.7 Dodging
 - Level 1.7 Stealth
 + Level 8.4 Spellcasting
 - Level 6.4 Conjurations
 - Level 4.4 Hexes
 + Level 2.2 Summonings
 - Level 9.0 Fire Magic
 + Level 2.3 Ice Magic
 + Level 8.2 Invocations
 + Level 5.2 Evocations


You had one spell level left.
You knew the following spells:

 Your Spells              Type           Power        Failure   Level  Hunger
a - Flame Tongue          Conj/Fire      #####        1%          1    None
b - Inner Flame           Hex/Fire       ####....     1%          3    None
c - Conjure Flame         Conj/Fire      #####...     1%          3    None
d - Throw Flame           Conj/Fire      #####.       1%          2    None
e - Sticky Flame          Conj/Fire      #####...     3%          4    ###....
f - Confuse               Hex            ###.....     4%          3    None
g - Fireball              Conj/Fire      #####.....   10%         5    #####..
h - Summon Ice Beast      Ice/Summ       ###.....     34%         4    ###....

Your spell library contained the following spells:

 Spells                   Type           Power        Failure   Level  Hunger
 Confusing Touch          Hex            ###...       1%          1    None
 Summon Butterflies       Summ           ###.....     3%          1    None
 Call Canine Familiar     Summ           ###.....     11%         3    None
 Gell's Gravitas          Tloc           #.........   26%         3    None
 Metabolic Englaciation   Hex/Ice        ###.......   52%         5    #####..
 Summon Mana Viper        Hex/Summ       ###.....     52%         5    #####..
 Petrify                  Tmut/Erth      #.......     65%         4    ###....
 Yara's Violent Unravell  Hex/Tmut       ###.......   67%         5    #####..
 Summon Hydra             Summ           ###.......   100%        7    #######


Dungeon Overview and Level Annotations

Branches:
Dungeon (10/15)            Temple (0/1) D:4            Lair (2/6) D:10
    Orc (0/2) D:10
  Swamp: Lair:2-4    Shoals: Lair:2-4     Snake: Lair:2-4    Spider: Lair:2-4

Altars:
Ashenzari
Cheibriados
Dithmenos
Elyvilon
Hepliaklqana
Makhleb
Qazlal
Sif Muna
Trog
Wu Jian

Annotations:
Lair:2 Gastronok


Innate Abilities, Weirdness & Mutations

You can breathe wild blasts of lightning.
Your glossy black scales are hard. (AC +7)
You cannot fit into any form of body armour.
You are resistant to electric shocks. (rElec)
You are cold-blooded and may be slowed by cold attacks.


Message History

Aim: Gastronok, wearing a +2 hat (moderately wounded)
The sticky flame hits Gastronok!
Gastronok is heavily wounded.
Gastronok is covered in liquid flames!
Gastronok burns!
Gastronok gurgles, "You're how I like my food.
Fast!"
Gastronok barely misses you.
You puncture Gastronok! You burn Gastronok.
Gastronok is heavily wounded.
Gastronok burns!
You hit Gastronok. You burn Gastronok.
Gastronok is heavily wounded.
Gastronok burns!
Gastronok stops burning.
Gastronok waves his eye-stalks in wide circles.
The air twists around and violently strikes you in flight!!!
Ouch! That really hurt!
* * * LOW HITPOINT WARNING * * *
You feel less invigorated.
Gastronok waves his eye-stalks in wide circles.
The air twists around and violently strikes you in flight!!
You die...

#### ### ### #.P# ###
P####P.###.###..########..
..........................
......w..@................
..........................
#...####P.#.........#...PP
... ####....#....###### .
#...###....# #.
#....##....## #.
##....##...# ##
#....##...# # #....#.....
#


You could see Gastronok.

Vanquished Creatures
  A hydra (D:10)
  Nergalle (Lair:1)
  A black mamba (Lair:2)
  4 spiny frogs (Lair:1)
  A gargoyle (D:10)
  A queen bee (D:10)
  The ghost of Hyawatha the Chopper, an amateur DsGl (D:6)
  Grinder (D:3)
  The ghost of Monsterracer the Poker, an amateur TeCK of Nemelex Xobeh (D:3)
  A hippogriff (Lair:1)
  A basilisk (Lair:1)
  3 yaks (Lair:1)
  A steam dragon (D:10)
  A porcupine (D:10)
  2 water moccasins
  An ice beast (D:8)
  2 orc warriors (D:8)
  A black bear (D:8)
  3 sky beasts
  3 ogres
  12 wolves
  2 crocodiles
  5 bullfrogs
  A water moccasin zombie (D:6)
  2 scorpions
  A water moccasin skeleton (D:6)
  20 killer bees
  A howler monkey (D:6)
  2 bullfrog zombies
  8 crimson imps
  A quasit (D:9)
  2 centaur zombies
  15 orc wizards
  4 orc priests
  A centaur skeleton (D:5)
  6 hounds
  2 bullfrog skeletons
  Jessica (D:3)
  3 iguanas
  5 worker ants
  A hound zombie (D:6)
  A worker ant zombie (D:10)
  A howler monkey zombie (D:8)
  Robin (D:2)
  A howler monkey skeleton (D:10)
  6 gnolls
  10 adders
  3 shadow imps
  2 adder skeletons
  An adder zombie (D:9)
  A worm (D:2)
  A dart slug (D:1)
  3 leopard geckos
  31 orcs
  5 bats
  9 giant cockroaches
  9 goblins
  9 hobgoblins
  10 jackals
  4 quokkas
  7 frilled lizards
  5 kobolds
  A leopard gecko skeleton (D:4)
  A quokka skeleton (D:6)
  11 rats
259 creatures vanquished.

Vanquished Creatures (others)
  A leopard gecko (D:4)
  A quokka (D:4)
  2 fungi (Lair:1)
4 creatures vanquished.

Grand Total: 263 creatures vanquished

Notes
Turn   | Place    | Note
-------+----------+-------------------------------------------
     0 | D:1      | Metae the Draconian Fire Elementalist began the quest for
                  | the Orb.
     0 | D:1      | Reached XP level 1. HP: 14/14 MP: 3/3
   335 | D:1      | Reached XP level 2. HP: 20/20 MP: 3/5
  1047 | D:2      | Reached XP level 3. HP: 26/26 MP: 5/7
  1079 | D:2      | Noticed Robin
  1265 | D:2      | Learned a level 3 spell: Inner Flame
  1303 | D:2      | Killed Robin
  1554 | D:2      | Reached skill level 4 in Fire Magic
  1578 | D:2      | Reached XP level 4. HP: 33/33 MP: 0/8
  1587 | D:2      | Found a shimmering blue altar of Sif Muna.
  1597 | D:2      | Became a worshipper of Sif Muna the Loreminder
  1891 | D:2      | Learned a level 3 spell: Conjure Flame
  2681 | D:3      | Noticed Grinder
  2690 | D:3      | Paralysed by Grinder for 6 turns
  2715 | D:3      | Paralysed by Grinder for 2 turns
  2727 | D:3      | Killed Grinder
  2727 | D:3      | Reached skill level 5 in Fire Magic
  2727 | D:3      | Reached XP level 5. HP: 16/38 MP: 2/11
  2727 | D:3      | Reached XP level 6. HP: 19/45 MP: 2/12
  3026 | D:3      | Noticed Jessica
  3033 | D:3      | Learned a level 2 spell: Throw Flame
  3034 | D:3      | Killed Jessica
  3099 | D:3      | Found a bloodstained altar of Trog.
  3099 | D:3      | Found a snail-covered altar of Cheibriados.
  3403 | D:3      | Found a runed translucent door.
  3440 | D:3      | Noticed Monsterracer's ghost (amateur TeCK)
  3751 | D:3      | Killed Monsterracer's ghost
  3751 | D:3      | Reached skill level 5 in Spellcasting
  3751 | D:3      | Reached skill level 6 in Fire Magic
  3751 | D:3      | Your scales start taking on a glossy black colour.
  3751 | D:3      | Reached XP level 7. HP: 17/50 MP: 2/14
  3751 | D:3      | Gained mutation: You are resistant to electric shocks.
                  | (rElec) [Black Draconian growth]
  4045 | D:4      | Learned a level 4 spell: Sticky Flame
  4486 | D:4      | Found a white marble altar of Elyvilon.
  4569 | D:4      | Reached * piety under Sif Muna
  4774 | D:4      | Found a staircase to the Ecumenical Temple.
  4784 | D:4      | Reached skill level 1 in Invocations
  5646 | D:5      | Entered Level 5 of the Dungeon
  6370 | D:5      | Found a burning altar of Makhleb.
  6370 | D:5      | Noticed a cacodemon
  6422 | D:5      | Found a shattered altar of Ashenzari.
  6708 | D:6      | Reached XP level 8. HP: 56/57 MP: 10/16
  7084 | D:6      | Reached skill level 7 in Fire Magic
  7304 | D:6      | Reached ** piety under Sif Muna
  7841 | D:6      | Found a hazy altar of Hepliaklqana.
  7867 | D:6      | Found a runed translucent gate.
  7867 | D:6      | Found a runed translucent gate.
  7867 | D:6      | Found a runed translucent gate.
  7873 | D:6      | Noticed Hyawatha's ghost (amateur DsGl)
  7897 | D:6      | Reached skill level 5 in Invocations
  8931 | D:6      | Reached skill level 1 in Hexes
  8953 | D:6      | Killed Hyawatha's ghost
  8953 | D:6      | Reached XP level 9. HP: 35/62 MP: 3/18
  9352 | D:7      | Learned a level 3 spell: Confuse
  9358 | D:7      | Learned a level 5 spell: Fireball
  9969 | D:7      | Found a stormy altar of Qazlal.
 10597 | D:8      | Reached skill level 1 in Evocations
 11638 | D:8      | Reached skill level 5 in Conjurations
 11870 | D:8      | Reached skill level 8 in Fire Magic
 12802 | D:9      | Found an ornate altar of the Wu Jian Council.
 13027 | D:9      | Got an encrusted dagger
 13028 | D:9      | Identified the +12 dagger "Jiyzeir" {flame, MR++ Dex-4}
                  | (You found it on level 9 of the Dungeon)
 13714 | D:10     | Entered Level 10 of the Dungeon
 13726 | D:10     | Noticed a gargoyle
 13729 | D:10     | Killed a gargoyle
 13729 | D:10     | Reached XP level 10. HP: 69/69 MP: 13/20
 13743 | D:10     | Found a shadowy altar of Dithmenos.
 13969 | D:10     | Reached *** piety under Sif Muna
 15137 | D:10     | Found a staircase to the Lair.
 15262 | D:10     | Found a staircase to the Orcish Mines.
 15394 | Lair:1   | Entered Level 1 of the Lair of Beasts
 15394 | Lair:1   | Noticed a five-headed hydra
 15403 | D:10     | Killed a five-headed hydra
 15738 | Lair:1   | Noticed a spiny frog
 15749 | Lair:1   | Killed a spiny frog
 15819 | Lair:1   | Noticed a spiny frog
 15825 | Lair:1   | Noticed a spiny frog
 15838 | Lair:1   | Killed a spiny frog
 15850 | Lair:1   | Killed a spiny frog
 15980 | Lair:1   | Reached skill level 9 in Fire Magic
 16115 | Lair:1   | Learned a level 4 spell: Summon Ice Beast
 16122 | Lair:1   | Noticed a spiny frog
 16130 | Lair:1   | Killed a spiny frog
 16229 | Lair:1   | Reached XP level 11. HP: 69/75 MP: 15/23
 16370 | Lair:1   | Reached skill level 1 in Fighting
 16370 | Lair:1   | Reached skill level 1 in Ice Magic
 16370 | Lair:1   | Reached skill level 1 in Summonings
 16378 | Lair:1   | Noticed Nergalle
 16393 | Lair:1   | Noticed a spectral orc warlord
 16407 | Lair:1   | Noticed a spectral orc warlord
 16656 | Lair:1   | Killed Nergalle
 16656 | Lair:1   | Reached skill level 5 in Evocations
 17972 | Lair:2   | Noticed Gastronok
 17988 | Lair:2   | Killed from afar by Gastronok

Levels and vault maps discovered:
D:1:      nzn_arrival_depleted_hourglass, layout_loops_ring
D:2:      layout_basic, lemuel_coloured_pillars_altar, uniq_robin
D:3:      layout_basic, gammafunk_temple_overflow_statue, ebering_ghost_sewer_d,
          uniq_jessica, uniq_grinder
D:4:      layout_loops_ring, elyvilon_altar_4, minmay_temple_entry_sparse_star,
          first_ration
D:5:      layout_basic, kennysheep_mini, makhleb_altar_promises_db
D:6:      layout_basic, basic_altar, gammafunk_ghost_necromancy
D:7:      layout_gridville, grunt_qazlal_clouds
D:8:      layout_loops_corners
D:9:      layout_grid_maze, old_standard_altar
D:10:     layout_loops_ring, lair_entry_dummy, orc_0_dummy, david_nohive_1,
          grunt_dithmenos_smoke
Lair:1:   beast_lair_carwin_large_3, layout_layer_cave, grunt_megastairs_4,
          uniq_nergalle
Lair:2:   layout_long_grid, minmay_snake_entry_six_corridors, uniq_gastronok

Skill      XL: |  1  2  3  4  5  6  7  8  9 10 11 |
---------------+----------------------------------+-----
Spellcasting   | 3 4 5 6 7 8 |  8.4
Fire Magic     | 4 5 6 7 8 9 |  9.0
Conjurations   | 2 4 5 6 |  6.4
Invocations    | 2 5 6 7 8 |  8.2
Hexes          | 1 3 4 |  4.4
Evocations     | 2 4 5 |  5.2
Fighting       | 2 |  2.3
Ice Magic      | 2 |  2.3
Summonings     | 2 |  2.2
Dodging        | |  1.7
Stealth        | |  1.7

Action                   |  1- 3 |  4- 6 |  7- 9 | 10-12 || total
-------------------------+-------+-------+-------+-------++-------
Melee: Dagger            |    26 |     1 |    10 |    45 ||    82
       Tailslap          |     1 |     1 |     8 |     1 ||    11
       Whip              |       |    14 |   133 |       ||   147
 Fire: Hunting sling     |       |     2 |    10 |       ||    12
 Cast: Flame Tongue      |    67 |    48 |   196 |    77 ||   388
       Inner Flame       |     1 |       |     2 |     3 ||     6
       Throw Flame       |       |     7 |   109 |   102 ||   218
       Conjure Flame     |       |       |     8 |     8 ||    16
       Sticky Flame      |       |       |    21 |    23 ||    44
       Fireball          |       |       |     1 |    10 ||    11
       Confuse           |       |       |       |     1 ||     1
Invok: Channel Magic     |       |       |     3 |     8 ||    11
 Abil: Breathe Lightning |       |       |     3 |     6 ||     9
Evoke: Lightning rod     |       |       |       |     1 ||     1
  Use: Scroll            |     1 |     2 |     4 |     6 ||    13
       Potion            |       |     3 |     4 |     3 ||    10
  Eat: Chunk             |     3 |       |     4 |     4 ||    11
       Ration            |       |     2 |    10 |     5 ||    17
Armor: Skin              |    14 |    13 |    84 |    34 ||   145
Dodge: Dodged            |    33 |    25 |   302 |   128 ||   488
